Map: King Sejong Station LE

Players

Jardinet - Winner!

  • Race: Terran Terran
  • League: Silver

Gracz

  • Race: Protoss Protoss
  • League: Silver

VOD

Have the link to the VOD?

Description

Time

  • Played on: Oct. 22, 2016, 4:25 p.m.
  • Length: 13:48
Show
View Real Time Build Order
Export as new Build Order

Jardinet Terran - Winner!

Build Orders: MMM Bio 

Get SALT Encoding   

  12  0:01  SCV  
  13  0:17  Supply Depot  
  13  0:18  SCV  
  14  0:25  Refinery  
  14  0:30  SCV  
  15  0:42  SCV  
  16  0:47  Barracks  
  16  0:54  SCV  
  17  1:06  SCV  
  19  1:18  SCV  
  19  1:34  Orbital Command  
  19  1:37  Supply Depot  
  19  1:43  Barracks Tech Lab  
  19  1:55  Factory  
  19  1:59  SCV  
  20  2:09  Marine  
  20  2:11  SCV  
  22  2:24  Unknown, Command Center  
  22  2:29  SCV  
  23  2:40  Starport  
  23  2:44  Marine  
  24  2:52  Refinery, SCV  
  24  2:57  Factory Reactor  
  25  3:03  Marine  
  25  3:04  SCV  
  27  3:13  Barracks  
  27  3:16  SCV  
  28  3:20  Marine  
  28  3:23  Starport Tech Lab  
  29  3:35  Unknown  
  29  3:44  Factory Tech Lab  
  29  4:02  Supply Depot  
  29  4:05  Stimpack  
  29  4:06  Barracks Reactor  
  29  4:09  Siege Tank  
  32  4:15  Orbital Command  
  32  4:24  Refinery  
  32  4:28  Supply Depot  
  32  4:30  Refinery  
  32  4:31  Marauder  
  34  4:41  Medivac  
  34  4:42  Medivac  
  38  4:54  Marauder  
  38  4:56  Marine x2  
  42  5:01  SCV  
  42  5:03  SCV  
  44  5:13  SCV  
  45  5:15  SCV  
  45  5:16  Marine x2, Marauder  
  45  5:19  Siege Tank  
  45  5:20  Medivac  
  55  5:25  SCV  
  55  5:27  SCV  
  57  5:31  Supply Depot  
  57  5:34  Marine  
  58  5:37  SCV  
  59  5:46  Engineering Bay  
  59  5:48  SCV  
  60  5:50  Marine  
  60  5:52  Marine  
  60  5:53  Marauder  
  60  5:55  Supply Depot  
  64  6:00  SCV  
  65  6:05  SCV  
  65  6:08  Marine  
  67  6:12  SCV  
  67  6:15  Marauder  
  67  6:17  SCV  
  71  6:19  Barracks, Terran Infantry Weapons Level 1  
  71  6:23  Missile Turret  
  71  6:25  SCV  
  72  6:29  Medivac  
  72  6:31  Viking  
  76  6:39  Supply Depot  
  76  6:42  SCV  
  77  6:47  Missile Turret  
  77  6:54  SCV  
  77  7:01  SCV  
  79  7:04  Unknown, Command Center  
  79  7:05  Siege Tank  
  79  7:07  Missile Turret, Marine x2  
  84  7:08  Barracks Reactor  
  84  7:12  Combat Shields  
  84  7:13  SCV  
  85  7:25  Marine  
  85  7:28  Engineering Bay  
  86  7:51  Supply Depot  
  86  8:01  Supply Depot  
  86  8:11  Unknown, Command Center  
  87  8:12  SCV  
  87  8:14  Terran Infantry Armor Level 1  
  87  8:15  Unknown  
  87  8:18  Armory  
  87  8:24  Missile Turret, SCV  
  88  8:30  Orbital Command  
  88  8:34  Bunker  
  88  8:50  Marine x3  
  88  8:55  Marine x2  
  92  8:58  Concussive Shells  
  93  9:13  Barracks, Marine x2  
  95  9:17  Barracks  
  95  9:18  Barracks  
  95  9:19  Barracks  
  95  9:22  Unknown  
  95  9:24  Starport  
  95  9:27  Orbital Command  
  95  9:29  Terran Infantry Weapons Level 2  
  69  10:01  Marine x2  
  69  10:02  Marine x3  
  74  10:11  Barracks Reactor  
  74  10:12  Barracks Tech Lab, Barracks Reactor  
  74  10:13  Barracks Reactor  
  74  10:18  Terran Infantry Armor Level 2  
  74  10:19  Marine  
  75  10:27  Refinery  
  75  10:36  SCV x3  
  78  10:43  Marine x2  
  78  10:44  Marine  
  78  10:48  Marine x3, SCV x2  
  86  10:51  Marine x2, Marauder x2  
  86  10:52  Marine x2  
  94  10:58  Medivac x2  
  94  11:01  Marine x3  
  101  11:05  Marine  
  101  11:06  Marine x2  
  101  11:08  Supply Depot  
  101  11:09  Marine  
  105  11:12  Marauder x2  
  105  11:13  Refinery  
  105  11:15  SCV  
  110  11:22  Orbital Command  
  110  11:27  SCV  
  110  11:28  Medivac x2  
  115  11:33  Marauder  
  102  12:33  Marine x2, Marauder x2  
  102  12:34  Marine x4  
  112  12:38  Starport Reactor  
  112  12:54  Marauder  
  112  12:55  Marauder  
  114  13:15  Marine x5  
  114  13:16  Marine, Marauder x2  
  114  13:17  Marine x2  
Show
View Real Time Build Order
Export as new Build Order

Gracz Protoss 

Build Orders: Double Forge 

Get SALT Encoding   

  12  0:01  Probe (Chrono Boost)  
  13  0:15  Pylon  
  13  0:17  Probe (Chrono Boost)  
  14  0:27  Assimilator  
  14  0:28  Probe (Chrono Boost)  
  15  0:39  Pylon  
  15  0:41  Probe (Chrono Boost)  
  16  0:53  Probe (Chrono Boost)  
  17  1:00  Gateway  
  17  1:05  Probe (Chrono Boost)  
  18  1:15  Gateway  
  18  1:24  Probe (Chrono Boost)  
  19  1:34  Probe (Chrono Boost)  
  19  1:35  Gateway  
  20  1:42  Assimilator  
  20  1:45  Probe (Chrono Boost)  
  21  1:57  Cybernetics Core  
  21  2:06  Gateway  
  21  2:13  Gateway  
  21  2:27  Probe (Chrono Boost)  
  22  2:36  Warp Gate  
  22  2:43  Unknown, Nexus  
  22  3:09  Probe (Chrono Boost)  
  23  3:19  Twilight Council  
  23  3:20  Robotics Facility  
  23  3:29  Robotics Facility  
  23  3:38  Probe (Chrono Boost)  
  24  3:48  Forge  
  24  3:55  Unknown  
  24  4:13  Blink  
  24  4:17  Forge  
  24  4:22  Gateway  
  24  4:31  Protoss Ground Weapons Level 1  
  24  4:35  Probe (Chrono Boost)  
  24  4:37  Probe (Chrono Boost)  
  26  4:39  Pylon  
  26  4:46  Probe (Chrono Boost)  
  26  4:49  Probe (Chrono Boost)  
  28  4:56  Probe (Chrono Boost)  
  28  4:58  Protoss Ground Armor Level 1  
  30  5:01  Probe (Chrono Boost)  
  30  5:08  Robotics Facility x2  
  30  5:17  Probe (Chrono Boost)  
  30  5:18  Probe (Chrono Boost)  
  30  5:20  Assimilator  
  32  5:31  Stalker  
  32  5:32  Stalker  
  36  5:36  Probe (Chrono Boost)  
  36  5:37  Probe (Chrono Boost)  
  38  5:46  Stalker  
  38  5:47  Probe (Chrono Boost)  
  38  5:49  Probe (Chrono Boost)  
  42  5:55  Stalker  
  42  5:56  Stalker  
  46  5:57  Mothership Core (Chrono Boost)  
  46  6:00  Stalker  
  51  6:05  Probe (Chrono Boost)  
  51  6:09  Stalker  
  53  6:15  Pylon  
  53  6:19  Pylon  
  53  6:23  Pylon  
  53  6:34  Pylon  
  53  6:35  Immortal  
  57  6:42  Immortal  
  57  6:45  Warp Prism  
  57  6:46  Observer  
  64  6:57  Protoss Shields Level 1  
  64  7:01  Stalker  
  66  7:05  Probe (Chrono Boost)  
  66  7:06  Probe (Chrono Boost)  
  68  7:09  Assimilator  
  68  7:15  Stalker  
  70  7:34  Stalker  
  70  7:35  Stalker x3  
  70  7:36  Stalker  
  80  7:45  Immortal  
  84  7:57  Stalker  
  86  8:05  Pylon  
  86  8:08  Pylon  
  86  8:25  Immortal  
  86  8:28  Immortal  
  86  8:33  Immortal  
  98  8:38  Stalker  
  98  8:39  Stalker  
  102  8:54  Pylon  
  102  8:57  Pylon  
  102  9:00  Pylon  
  102  9:03  Pylon  
  102  9:09  Pylon  
  102  9:12  Pylon, Stalker  
  102  9:13  Stalker  
  102  9:16  Immortal  
  89  9:45  Stalker x2  
  85  9:46  Stalker x2  
  85  9:47  Stalker  
  71  10:00  Stalker  
  73  10:21  Unknown, Nexus  
  73  10:25  Pylon  
  73  10:27  Stalker x2  
  77  10:29  Pylon  
  77  10:30  Sentry x2  
  77  10:33  Sentry  
  77  10:35  Sentry  
  85  10:44  Immortal  
  85  10:47  Observer  
  90  10:53  Protoss Ground Weapons Level 2  
  90  11:02  Probe (Chrono Boost)  
  90  11:03  Probe (Chrono Boost)  
  92  11:08  Stalker  
  94  11:12  Probe (Chrono Boost)  
  94  11:15  Probe (Chrono Boost)  
  96  11:33  Unknown  
  96  11:40  Stalker  
  96  11:41  Stalker x3  
  96  11:42  Stalker  
  106  11:53  Stalker  
  46  12:21  Stalker x3  
  46  12:22  Stalker x2  
  54  12:23  Stalker  
  58  12:34  Robotics Bay  
  58  12:45  Stalker  
  58  12:46  Stalker  
  58  12:47  Stalker x3  
  58  12:48  Stalker  
  57  13:12  Stalker  
  49  13:13  Stalker  
  49  13:14  Stalker x3  
  49  13:15  Stalker  
  37  13:43  Stalker  
  37  13:44  Stalker x3  
Tags
 
Add a new tag
Caveats
  • Supply blocks, unpowered buildings, or Contaminate may cause inaccurate times.
  • Supply counts are checked every 10 seconds.